 Dungeon Crawl Stone Soup version 0.25-a0-364-ge76b031 (webtiles) character file.

Game seed: 17841813859129578160, levelgen mode: deterministic

522 Birdy the Sneak (level 7, -14/54 HPs)
             Began as a Vine Stalker Gladiator on Jan 4, 2020.
             Was a Believer of Wu Jian.
             Demolished by an ogre
             ... wielding a +0 giant club
              (26 damage)
             ... on level 4 of the Dungeon.
             The game lasted 00:07:58 (3673 turns).

Birdy the Sneak (Vine Stalker Gladiator)            Turns: 3673, Time: 00:07:59

Health: -14/54     AC:  7    Str: 22    XL:     7   Next: 22%
Magic:  0/12       EV: 14    Int:  8    God:    Wu Jian [**....]
Gold:   224        SH:  0    Dex: 17    Spells: 12/12 levels left

rFire    . . .     SeeInvis .   r - +1 trident (pierce)
rCold    . . .     Gourm    +   (no shield)
rNeg     . . .     Faith    .   b - +0 leather armour
rPois    .         Spirit   +   c - +1 helmet
rElec    .         Reflect  .   (no cloak)
rCorr    .         Harm     .   l - +0 pair of gloves
MR       .....                  i - +0 pair of boots {run}
Stlth    ..........             j - amulet of the gourmand
HPRegen  0.58/turn              k - ring of wizardry
MPRegen  0.13/turn              (no ring)

@: berserking, very quick
A: fangs 2, regeneration 1, magic shield, antimagic bite, no potion heal 3, rot
immunity
a: Wall Jump, Renounce Religion


You were on level 4 of the Dungeon.
You worshipped Wu Jian.
Wu Jian was pleased with you.
You were completely stuffed.

You visited 1 branch of the dungeon, and saw 4 of its levels.

You collected 224 gold pieces.

Inventory:

Hand Weapons
 r - a +1 trident of piercing (weapon)
Missiles
 d - 3 throwing nets (quivered)
 s - 4 curare-tipped darts
 w - 10 poisoned darts
Armour
 b - a +0 leather armour (worn)
 c - a +1 helmet (worn)
 i - a +0 pair of boots of running (worn)
 l - a +0 pair of gloves (worn)
 t - a +2 robe of magic resistance
Jewellery
 j - an amulet of the gourmand (around neck)
 k - a ring of wizardry (left hand)
Wands
 o - a wand of random effects (18)
Scrolls
 a - a scroll of immolation {unknown}
 h - 4 scrolls of remove curse
 m - 5 scrolls of teleportation
 n - a scroll of noise {unknown}
 p - a scroll of identify
 q - a scroll of magic mapping {unknown}
 u - a scroll of amnesia {unknown}
 v - a scroll of enchant weapon {unknown}
Potions
 e - 2 potions of curing
Comestibles
 f - 6 rations


   Skills:
 + Level 3.4 Fighting
 + Level 4.0 Polearms
 - Level 1.7 Throwing
 + Level 3.6 Dodging
 + Level 4.1 Stealth
 + Level 3.0 Spellcasting


You had 12 spell levels left.
You didn't know any spells.
Your spell library was empty.

Dungeon Overview and Level Annotations

Branches:
Dungeon (4/15)
 Temple: D:4-7

Altars:
Wu Jian
Yredelemnul
The Shining One

Annotations:
D:4 Dowan, Duvessa


Innate Abilities, Weirdness & Mutations

You have extremely sharp teeth.
Your natural rate of healing is unusually fast.
When hurt, damage is shared between your health and your magic reserves.
Your bite disrupts and absorbs the magic of your enemies.
Potions cannot restore your health.
You are immune to rotting.


Message History

Press: ? - help, Shift-Dir - straight line, f/p - ogre
Aim: an ogre, wielding a +0 giant club (moderately wounded)
The bolt of negative energy misses the ogre.
You hear a zap.
Some rock shatters into small pieces.
Evoke which item? (* to show all) (? for menu, Esc to quit)
Okay, then.
Evoke which item? (* to show all) (? for menu, Esc to quit)
Aiming: Random Effects
Press: ? - help, Shift-Dir - straight line, f/p - ogre
Aim: an ogre, wielding a +0 giant club (moderately wounded)
The ogre seems to speed up.
The ogre hits you with a +0 giant club!!
Ouch! That really hurt!
* * * LOW HITPOINT WARNING * * *
Okay, then.
A red film seems to cover your vision as you go berserk!
You feel yourself moving faster!
You feel mighty!
The ogre hits you with a +0 giant club!!
You die...

#.#...e.#.e.... # ##### #
#.##..###...e.. .. #...#
#.#.##.##... ... # #...#
#.#.#..##.###.... ###
#...# #.....>e.........
....
#...#######.####..#......
#### ##...#...##..###
#.#......
.'...+.....#...###......#
##...#...#......@O.#....#
.'.......#.....##### ...#
##.......#.....# ..#
##.......#.##### .#
.........#.# #
#####'#+##.######
.........#......#
#####....######.#
#######).....#'####


You could see an ogre.

Vanquished Creatures
  A hound (D:4)
  2 orc priests (D:3)
  A centaur skeleton (D:4)
  4 orc wizards
  Natasha (twice) (D:2)
  An iguana (D:4)
  Robin (D:3)
  9 adders
  An ooze (D:1)
  2 dart slugs
  A leopard gecko (D:3)
  7 orcs
  5 ball pythons
  A giant cockroach (D:4)
  16 goblins
  20 hobgoblins
  12 jackals
  3 quokkas
  9 bats
  3 frilled lizards
  8 kobolds
  10 rats
119 creatures vanquished.

Notes
Turn   | Place    | Note
-------+----------+-------------------------------------------
     0 | D:1      | Birdy the Vine Stalker Gladiator began the quest for the
                  | Orb.
     0 | D:1      | Reached XP level 1. HP: 11/11 MP: 2/2
   227 | D:1      | Reached XP level 2. HP: 14/15 MP: 3/3
   310 | D:1      | Reached skill level 1 in Stealth
   587 | D:1      | Reached XP level 3. HP: 13/18 MP: 5/5
   591 | D:1      | Reached skill level 1 in Spellcasting
   917 | D:1      | Identified a +0 pair of boots of running (You found it on
                  | level 1 of the Dungeon)
  1615 | D:2      | Gained mutation: Your natural rate of healing is unusually
                  | fast. [Vine Stalker growth]
  1615 | D:2      | Reached XP level 4. HP: 23/23 MP: 7/7
  1703 | D:2      | Found a basalt altar of Yredelemnul.
  1704 | D:2      | Found an ornate altar of the Wu Jian Council.
  1708 | D:2      | Became a worshipper of the Wu Jian Council
  1749 | D:2      | Noticed Natasha
  1751 | D:2      | Killed Natasha
  1828 | D:2      | Noticed Natasha
  1835 | D:2      | Killed Natasha
  1835 | D:2      | Reached XP level 5. HP: 27/27 MP: 8/8
  2536 | D:3      | Found a glowing golden altar of the Shining One.
  2651 | D:3      | Reached * piety under Wu Jian
  2751 | D:3      | Reached XP level 6. HP: 32/32 MP: 10/10
  2998 | D:3      | Noticed Robin
  3019 | D:3      | Killed Robin
  3253 | D:4      | Reached ** piety under Wu Jian
  3349 | D:4      | Reached XP level 7. HP: 23/36 MP: 10/12
  3654 | D:4      | Noticed Duvessa
  3655 | D:4      | Noticed Dowan
  3673 | D:4      | Demolished by an ogre

Levels and vault maps discovered:
D:1:      grunt_arrival_crossed_arrows, layout_basic, serial_forest,
          infiniplex_forest_lined_3, infiniplex_forest_clump_long,
          infiniplex_forest_zigzag_1, infiniplex_forest_side_room,
          infiniplex_forest_straight_5, infiniplex_forest_lined_ring,
          infiniplex_forest_straight_4, infiniplex_forest_corner_1
D:2:      layout_loops_ring, gammafunk_temple_overflow_statue, uniq_natasha
D:3:      layout_basic, nicolae_tso_carved_into_rock, uniq_robin
D:4:      layout_basic, overflow_temple_1_default, hangedman_glass_teeth,
          uniq_duvessa

Skill      XL: |  1  2  3  4  5  6  7 |
---------------+----------------------+-----
Fighting       | 2 3 |  3.4
Stealth        | 1 2 3 4 |  4.1
Spellcasting   | 1 2 3 |  3.0
Polearms       | 3 4 |  4.0
Dodging        | 3 |  3.6
Throwing       | |  1.7

Action                   |  1- 3 |  4- 6 |  7- 9 || total
-------------------------+-------+-------+-------++-------
Melee: Trident           |   140 |   226 |    13 ||   379
       Bite              |    34 |    45 |     4 ||    83
Invok: Whirlwind         |       |    35 |       ||    35
       Lunge             |       |     6 |     2 ||     8
Evoke: Wand              |       |       |     3 ||     3
  Use: Scroll            |     5 |     5 |       ||    10
       Potion            |     2 |       |     1 ||     3
 Stab: Sleeping          |     3 |    14 |     1 ||    18
       Distracted        |       |     1 |       ||     1
  Eat: Chunk             |     2 |    14 |     1 ||    17
Armor: Leather armour    |    31 |    60 |     2 ||    93
Dodge: Dodged            |   102 |   114 |     7 ||   223

Table legend:
 A = Non-vault XP
 B = Vault XP
 C = Vault XP percentage of total XP
 D = Non-vault monster count
 E = Vault monster count
 F = Vault count percentage of total count
                 A         B        C        D         E       F
            +---------+---------+-------+---------+---------+-------
      Total |     676 |      70 |   9.4 |     106 |      13 |  10.9
            +---------+---------+-------+---------+---------+-------
        D:1 |      71 |       0 |   0.0 |      38 |       0 |   0.0
        D:2 |      93 |      35 |  27.3 |      19 |       1 |   5.0
        D:3 |     281 |      35 |  11.1 |      37 |      12 |  24.5
        D:4 |     231 |       0 |   0.0 |      12 |       0 |   0.0
            +---------+---------+-------+---------+---------+-------
